[Event "Team 45 45 League T95"]
[Site "Internet Chess Club"]
[Date "2023.01.12"]
[Round "1"]
[White "Toalla"]
[Black "Kingofknights"]
[Result "0-1"]
[WhiteElo "1093"]
[BlackElo "1519"]
[Opening "Caro-Kann defense"]
[ECO "B10"]
[Time "11:31:44"]
[PlyCount "76"]
[TimeControl "2700+45"]

1. e4 c6 2. g3 d5 3. Bg2 dxe4 4. Bxe4 Nf6 5. Bg2 Bf5 6. d3 Nbd7 7. Nf3 e5 8. Bg5
Qc7 9. O-O Bd6 10. Nbd2 h6 11. Bxf6 Nxf6 12. Re1 O-O 13. Ne4 Nxe4 14. dxe4 Be6
15. c3 b5 16. Qc2 a5 17. a3 c5 18. b3 f6 19. c4 a4 20. Nd2 axb3 21. Qxb3 bxc4
22. Nxc4 Rfb8 23. Qd3 Be7 24. Qc3 Rd8 25. Bf1 Rd4 26. f3 Bd8 27. Ne3 Qa7 28.
Red1 Ba5 29. Qb2 Rb8 30. Qc1 Kh8 31. g4 c4 32. Kh1 Rxd1 33. Nxd1 Qd4 34. Rb1
Rxb1 35. Qxb1 c3 36. Qd3 Bc4 37. Qxd4 exd4 38. Bxc4 c2 {White resigns} 0-1

[Event "Team 45 45 League T95"]
[Site "Internet Chess Club"]
[Date "2023.01.17"]
[Round "1"]
[White "Portola"]
[Black "Gojira"]
[Result "1/2-1/2"]
[WhiteElo "1723"]
[BlackElo "1571"]
[Opening "Queen's pawn game, Darooha variation "]
[ECO "D02"]
[Time "15:00:32"]
[PlyCount "81"]
[TimeControl "2700+45"]

1. d4 d5 2. Nf3 Nf6 3. c3 c6 4. Bg5 Ne4 5. Bh4 Bf5 6. Nbd2 Nd7 7. Nxe4 Bxe4 8.
e3 Qb6 9. Qd2 e6 10. Be2 h6 11. O-O Bd6 12. Rfe1 g5 13. Bg3 Qc7 14. Bxd6 Qxd6
15. b4 a6 16. a4 b6 17. b5 cxb5 18. axb5 a5 19. c4 dxc4 20. Bxc4 g4 21. Nh4 Rc8
22. Rec1 Ke7 23. Bd3 Qd5 24. Bxe4 Qxe4 25. Qb2 Nf6 26. g3 Nd5 27. Rxc8 Rxc8 28.
Rc1 Rxc1+ 29. Qxc1 Qd3 30. Qc6 a4 31. Qb7+ Kf6 32. Qb8 a3 33. Qe5+ Ke7 34. e4 f6
35. Nf5+ Kf7 36. Nd6+ Kg6 37. Qxe6 Qd1+ 38. Kg2 Qf3+ 39. Kg1 Qd1+ 40. Kg2 Qf3+
41. Kg1 {Game drawn by mutual agreement} 1/2-1/2

[Event "Team 45 45 League T95"]
[Site "Internet Chess Club"]
[Date "2023.01.12"]
[Round "1"]
[White "BlueStorm"]
[Black "rubo"]
[Result "0-1"]
[WhiteElo "1551"]
[BlackElo "1496"]
[Opening "Trompowsky attack (Ruth, Opocenský opening)"]
[ECO "A45"]
[Time "20:00:47"]
[PlyCount "68"]
[TimeControl "2700+45"]

1. d4 Nf6 2. Bg5 d5 3. Nd2 Bf5 4. e3 e6 5. c3 c6 6. Ngf3 Nbd7 7. Nh4 Bg4 8. f3
Bh5 9. g4 Bg6 10. Nxg6 hxg6 11. Bd3 Qc7 12. Qe2 Bd6 13. f4 Rh3 14. Rg1 O-O-O 15.
Rg3 Rdh8 16. Rxh3 Rxh3 17. e4 Bxf4 18. Bxf4 Qxf4 19. O-O-O Rxh2 20. Qf3 Qxg4 21.
Qxg4 Nxg4 22. e5 Nf2 23. Nf3 Rh3 24. Ng5 Rg3 25. Rd2 Nxd3+ 26. Kc2 Ne1+ 27. Kd1
Rxg5 28. Kxe1 f6 29. exf6 gxf6 30. Rh2 Rh5 31. Rg2 g5 32. Re2 e5 33. dxe5 Nxe5
34. Rf2 Nd3+ {White resigns} 0-1

[Event "Team 45 45 League T95"]
[Site "Internet Chess Club"]
[Date "2023.01.13"]
[Round "1"]
[White "nosir"]
[Black "Rookmaster"]
[Result "0-1"]
[WhiteElo "1471"]
[BlackElo "1582"]
[Opening "Queen's pawn, Mason variation"]
[ECO "D00"]
[Time "11:00:51"]
[PlyCount "56"]
[TimeControl "2700+45"]

1. d4 d5 2. Bf4 Nc6 3. e3 Nf6 4. c3 Bf5 5. Bd3 Bg6 6. Qc2 e6 7. Nf3 Bd6 8. Ne5
Bxe5 9. dxe5 Nd7 10. Bxg6 hxg6 11. Bg3 Ncxe5 12. Nd2 c6 13. e4 Nc4 14. exd5 Nxd2
15. dxe6 Nb6 16. exf7+ Kxf7 17. Qxd2 Re8+ 18. Kd1 Qf6 19. Kc1 g5 20. f4 g4 21.
Qd1 Qf5 22. Re1 Rxe1 23. Qxe1 Re8 24. Qf2 Qd3 25. a4 Re2 26. Qxe2 Qxe2 27. Kb1
Nc4 28. Ra2 Qd1# {White checkmated} 0-1

[Event "Team 45 45 League T95"]
[Site "Internet Chess Club"]
[Date "2023.01.15"]
[Round "1"]
[White "CMAlge"]
[Black "g8wrb"]
[Result "1-0"]
[WhiteElo "1362"]
[BlackElo "1309"]
[Opening "Queen's pawn"]
[ECO "A40"]
[Time "14:30:28"]
[PlyCount "51"]
[TimeControl "2700+45"]

1. d4 e6 2. Nc3 Bb4 3. Bf4 d5 4. e3 Nf6 5. Bd3 c5 6. dxc5 Bxc5 7. Nf3 Nc6 8. Nb5
Qa5+ 9. c3 O-O 10. Nc7 Bd7 11. Nxa8 Rxa8 12. O-O Be7 13. b4 Qb6 14. a4 Rc8 15.
a5 Qd8 16. b5 Nb8 17. Qb3 Ne4 18. Bxe4 dxe4 19. Ne5 Bf6 20. Rfd1 Bxe5 21. Bxe5
Rc5 22. Bxb8 Qxb8 23. Rxd7 Rh5 24. g3 Rd5 25. Rxd5 exd5 26. Qxd5 {Black resigns}
1-0

[Event "Team 45 45 League T95"]
[Site "Internet Chess Club"]
[Date "2023.01.12"]
[Round "1"]
[White "mongmong"]
[Black "ChessMaine"]
[Result "1-0"]
[WhiteElo "1526"]
[BlackElo "1393"]
[Opening "Queen's pawn game"]
[ECO "D04"]
[Time "19:00:48"]
[PlyCount "47"]
[TimeControl "2700+45"]

1. d4 d5 2. Nf3 Nf6 3. e3 Nc6 4. c3 Bg4 5. Nbd2 e5 6. dxe5 Nxe5 7. Be2 Nxf3+ 8.
Nxf3 Bd6 9. h3 Bh5 10. b3 O-O 11. O-O c5 12. Bb2 Bxf3 13. Bxf3 Be5 14. Qc2 Rc8
15. Rac1 Rc7 16. Ba1 Qe7 17. c4 Bxa1 18. Rxa1 dxc4 19. Qxc4 Re8 20. Rad1 Rd7 21.
Rxd7 Nxd7 22. Bxb7 Ne5 23. Qa6 Qxb7 24. Qxb7 {Black resigns} 1-0

[Event "Team 45 45 League T95"]
[Site "Internet Chess Club"]
[Date "2023.01.12"]
[Round "1"]
[White "Denis240964"]
[Black "xingon"]
[Result "1-0"]
[WhiteElo "1359"]
[BlackElo "1311"]
[Opening "Sicilian: closed, 2...Nc6"]
[ECO "B23"]
[Time "19:01:05"]
[PlyCount "79"]
[TimeControl "2700+45"]

1. e4 c5 2. Nc3 Nc6 3. d3 g6 4. f4 Bg7 5. Nf3 Nf6 6. h3 d6 7. Be3 O-O 8. Be2 b5
9. Nxb5 Qa5+ 10. Nc3 Nh5 11. Bd2 Rb8 12. Qc1 Ng3 13. Rg1 Qb6 14. b3 Nxe2 15.
Kxe2 f5 16. Na4 Qb7 17. Rb1 fxe4 18. dxe4 Nd4+ 19. Ke3 Bh6 20. g3 Bxh3 21. Nxd4
cxd4+ 22. Kf3 Bf5 23. Qe1 e5 24. g4 Bd7 25. g5 Bg7 26. Rh1 exf4 27. Qh4 Kf7 28.
Bxf4 Qc6 29. Qh2 Ke7 30. Rbe1 Bf5 31. Bxd6+ Kd7 32. Nc5+ Ke8 33. Bxf8 Bxf8 34.
Qxb8+ Kf7 35. Rxh7+ Kg8 36. Qxa7 Qe8 37. Nd7 Bg4+ 38. Kxg4 Qe6+ 39. Kf3 Qd6 40.
Nf6+ {Black resigns} 1-0

[Event "Team 45 45 League T95"]
[Site "Internet Chess Club"]
[Date "2023.01.14"]
[Round "1"]
[White "pandaknight"]
[Black "Visin"]
[Result "1-0"]
[WhiteElo "1117"]
[BlackElo "1176"]
[Opening "English: four knights, Capablanca variation"]
[ECO "A28"]
[Time "11:00:53"]
[PlyCount "87"]
[TimeControl "2700+45"]

1. c4 e5 2. Nc3 Nf6 3. Nf3 Nc6 4. d3 d6 5. g3 Be7 6. Bg2 Bd7 7. O-O O-O 8. a3
Rb8 9. b4 a6 10. b5 Na7 11. Be3 Nc8 12. a4 Ng4 13. Bd2 Bf6 14. Rb1 Ne7 15. h3
Nh6 16. Ne4 Ng6 17. Bxh6 gxh6 18. Nxf6+ Qxf6 19. Qd2 Ne7 20. bxa6 bxa6 21. Qa5
c6 22. Nd2 Ng6 23. Ne4 Qe7 24. Qc7 d5 25. cxd5 Rxb1 26. Rxb1 cxd5 27. Nc5 Be6
28. Nxa6 Qxc7 29. Nxc7 d4 30. Nxe6 fxe6 31. a5 Rf7 32. a6 Ra7 33. Rb8+ Nf8 34.
Ra8 Rxa8 35. Bxa8 Nd7 36. a7 Nb6 37. Bc6 Kf7 38. Kg2 Ke7 39. Kf3 Kd6 40. a8=Q
Nxa8 41. Bxa8 h5 42. Be4 h6 43. h4 Ke7 44. Bg6 {Black resigns} 1-0

[Event "Team 45 45 League T95"]
[Site "Internet Chess Club"]
[Date "2023.01.16"]
[Round "1"]
[White "bardu"]
[Black "NATYNL09"]
[Result "1/2-1/2"]
[WhiteElo "1171"]
[BlackElo "1077"]
[Opening "QGA, 4.e3"]
[ECO "D25"]
[Time "18:21:01"]
[PlyCount "46"]
[TimeControl "2700+45"]

1. d4 d5 2. c4 dxc4 3. Nf3 Nf6 4. e3 e5 5. Nxe5 Be6 6. Bxc4 Bxc4 7. Nxc4 Bb4+ 8.
Nc3 Nc6 9. d5 Nxd5 10. Bd2 Nxc3 11. Bxc3 Bxc3+ 12. bxc3 Qh4 13. Nd2 Rd8 14. Qe2
Qa4 15. O-O Qc2 16. Rfd1 O-O 17. Kf1 Qxc3 18. Nf3 Rxd1+ 19. Rxd1 h6 20. Rd3 Qc1+
21. Rd1 Qc3 22. Rd3 Qc1+ 23. Rd1 Qc3 {Game drawn by repetition} 1/2-1/2

[Event "Team 45 45 League T95"]
[Site "Internet Chess Club"]
[Date "2023.01.14"]
[Round "1"]
[White "clarinetref"]
[Black "tightfist"]
[Result "0-1"]
[WhiteElo "1460"]
[BlackElo "1372"]
[Opening "French defense"]
[ECO "C00"]
[Time "21:03:15"]
[PlyCount "162"]
[TimeControl "2700+45"]

1. e4 e6 2. Nc3 Be7 3. g3 d5 4. exd5 exd5 5. Bg2 Nf6 6. d4 O-O 7. Nge2 c6 8. O-O
Bg4 9. h3 Bh5 10. Be3 Nbd7 11. Qd2 Re8 12. Kh2 Bb4 13. a3 Ba5 14. Nf4 Rc8 15.
Nxh5 Nxh5 16. Qe2 Nhf6 17. b4 Bb6 18. Qd2 Ne4 19. Nxe4 dxe4 20. c4 Nf6 21. c5
Bc7 22. Qc2 h6 23. Rad1 Qd5 24. Rfe1 Rcd8 25. Bf1 Qh5 26. Be2 Qd5 27. Bc4 Qh5
28. Be2 Qf5 29. Rf1 Nd5 30. Bg4 Nxe3 31. fxe3 Qg5 32. Qf2 Re7 33. Qf5 Qxe3 34.
Qf2 Qxa3 35. b5 cxb5 36. Ra1 Qc3 37. Rxa7 Qxd4 38. Qxd4 Rxd4 39. Ra8+ Rd8 40.
Rxd8+ Bxd8 41. Rd1 Bc7 42. Rb1 e3 43. Be2 b4 44. Rxb4 g6 45. Kg2 Ba5 46. Rb5 Bd2
47. Rb6 Kg7 48. Kf3 Rc7 49. g4 Rxc5 50. Rxb7 h5 51. gxh5 Rxh5 52. Kg3 Be1+ 53.
Kg2 Rg5+ 54. Kf1 Bf2 55. Bc4 Rf5 56. Bd3 Rf6 57. Ke2 g5 58. Bc4 Kg6 59. Bd3+ Kh6
60. Bc4 Kg7 61. Bb3 Bg1 62. Bc4 Rf2+ 63. Ke1 Kg6 64. Bd3+ f5 65. Rb6+ Kh5 66.
Be2+ g4 67. hxg4+ fxg4 68. Rb4 Rg2 69. Kf1 Rg3 70. Rb5+ Kh4 71. Rb7 Bf2 72. Rh7+
Kg5 73. Rg7+ Kf5 74. Rf7+ Kg6 75. Rxf2 exf2 76. Kxf2 Rc3 77. Bxg4 Kg5 78. Be2
Kf4 79. Ke1 Ke3 80. Bh5 Rc1+ 81. Bd1 Ra1 {White resigns} 0-1

[Event "Team 45 45 League T95"]
[Site "Internet Chess Club"]
[Date "2023.01.13"]
[Round "1"]
[White "Kingofknights"]
[Black "herrahuu"]
[Result "0-1"]
[WhiteElo "1499"]
[BlackElo "1443"]
[Opening "Benkö gambit half accepted"]
[ECO "A57"]
[Time "10:45:26"]
[PlyCount "50"]
[TimeControl "2700+45"]

1. d4 c5 2. d5 Nf6 3. c4 b5 4. cxb5 a6 5. b6 e6 6. Nc3 Nxd5 7. Nxd5 exd5 8. Qxd5
Nc6 9. e4 Rb8 10. Bf4 Rxb6 11. Bc4 Qe7 12. b3 g6 13. Rd1 Nd4 14. Qa8 Qd8 15.
Bxf7+ Kxf7 16. Qd5+ Re6 17. Nf3 Nxf3+ 18. gxf3 Qa5+ 19. Rd2 Bg7 20. O-O Qc3 21.
Rfd1 Qxf3 22. Bg3 Qxe4 23. Qxc5 Rhe8 24. Qd5 Qxd5 25. Rxd5 Re1+ {White resigns}
0-1

[Event "Team 45 45 League T95"]
[Site "Internet Chess Club"]
[Date "2023.01.12"]
[Round "1"]
[White "thundercat1"]
[Black "Balderdash"]
[Result "1-0"]
[WhiteElo "1047"]
[BlackElo "1233"]
[Opening "Vienna game, Max Lange defense"]
[ECO "C25"]
[Time "20:30:35"]
[PlyCount "133"]
[TimeControl "2700+45"]

1. e4 e5 2. Nc3 Nc6 3. h3 Nf6 4. a3 d5 5. d3 dxe4 6. dxe4 Qxd1+ 7. Nxd1 Nd4 8.
Ne3 Nxe4 9. Nd5 Nxc2+ 10. Ke2 Nxa1 11. Nxc7+ Kd7 12. Nxa8 Nb3 13. Be3 Bc5 14.
Nf3 Bxe3 15. Kxe3 Nd6 16. Nxe5+ Ke6 17. f4 Nf5+ 18. Kf3 Nbd4+ 19. Kf2 f6 20.
Nc7+ Kd6 21. Nf7+ Kxc7 22. Nxh8 Ne6 23. g3 Nfd4 24. Bd3 g6 25. Rc1+ Kb6 26. Nf7
Bd7 27. Nd6 Nc5 28. Nc4+ Kc6 29. Na5+ Kd5 30. Bc4+ Kd6 31. h4 Ne4+ 32. Ke3 Nxg3
33. Kxd4 Nf5+ 34. Kc3 b6 35. Rd1+ Ke7 36. Re1+ Kf8 37. Nb7 b5 38. Ba2 Bc6 39.
Nd8 Bf3 40. Bf7 Kg7 41. Kb4 Nxh4 42. Re8 a6 43. Rg8+ Kh6 44. Be6 Be2 45. Nf7+
Kh5 46. Rh8 g5 47. Rxh7+ Kg6 48. Rh8 f5 49. Rh6+ Kg7 50. Rh5 Kf6 51. Rh6+ Kg7
52. fxg5 Nf3 53. Rh1 Nd4 54. Bd5 f4 55. Rh4 Nc2+ 56. Ka5 Ne3 57. Be6 f3 58. Re4
f2 59. Bh3 Kxf7 60. Rxe3 f1=Q 61. Bxf1 Bxf1 62. Rf3+ Kg6 63. Rxf1 Kxg5 64. Kxa6
Kg4 65. Kxb5 Kg3 66. a4 Kg2 67. Rf8 {Black resigns} 1-0

[Event "Team 45 45 League T95"]
[Site "Internet Chess Club"]
[Date "2023.01.16"]
[Round "1"]
[White "WzeroMN"]
[Black "oldbookseller"]
[Result "1-0"]
[WhiteElo "948"]
[BlackElo "924"]
[Opening "Inverted Hungarian"]
[ECO "C44"]
[Time "14:08:48"]
[PlyCount "67"]
[TimeControl "2700+45"]

1. e4 e5 2. Nf3 Nc6 3. Be2 Nge7 4. O-O g6 5. Nc3 Bg7 6. d3 d6 7. Be3 Be6 8. a3
O-O 9. b3 f5 10. Bg5 fxe4 11. Bxe7 Nxe7 12. dxe4 Bh6 13. Bc4 Qc8 14. Bxe6+ Qxe6
15. Nd5 Nf5 16. Nxc7 Qd7 17. Nxa8 Rxa8 18. exf5 Qxf5 19. Qd5+ Kh8 20. Qxb7 Rf8
21. Rae1 Bf4 22. Qe4 Qh5 23. h3 g5 24. Qe2 g4 25. hxg4 Qxg4 26. Nxe5 Bh2+ 27.
Kxh2 Qh4+ 28. Kg1 Rf6 29. Qg4 Qh6 30. Qc8+ Kg7 31. Ng4 Qh4 32. Nxf6 Qxf6 33.
Qg4+ Kf7 34. Qd7+ {Black resigns} 1-0